 Dungeon Crawl Stone Soup version 0.19.1-1-g22dce08 (webtiles) character file.

51 ponk the Grave Robber (level 3, -9/24 HPs)
             Began as a Mummy Necromancer on Jan 11, 2017.
             Killed by divine providence
             ... invoked by an orc priest
              (14 damage)
             ... on level 3 of the Dungeon.
             The game lasted 00:06:57 (2183 turns).

ponk the Grave Robber (Mummy Necromancer)           Turns: 2183, Time: 00:06:58

Health: -9/24      AC:  2    Str: 11    XL:     3   Next: 58%
Magic:  4/6        EV: 12    Int: 15    God:
Gold:   124        SH:  0    Dex: 12    Spells: 2 memorised, 5 levels left

rFire  . . .     SeeInvis .     e - +2 short sword (venom)
rCold  . . .     Gourm    .     a - +0 robe
rNeg   + + +     Faith    .     (no shield)
rPois  ∞         Spirit   .     (no helmet)
rElec  .         Reflect  .     (no cloak)
rCorr  .         Harm     .     (no gloves)
MR     .....                    (no boots)
Stlth  ++........               (no amulet)
                                (no ring)
                                f - ring of fire

@: no status effects
A: no food or potions, fire vulnerability, cold resistance 1, negative energy
resistance 3, torment resistance, unbreathing
a: no special abilities


You were on level 3 of the Dungeon.
You were not hungry.

You visited 1 branch of the dungeon, and saw 3 of its levels.

You collected 124 gold pieces.

Inventory:

Hand Weapons
 e - a +2 short sword of venom (weapon)
 i - a +1 dagger of draining
Armour
 a - a +0 robe (worn)
Jewellery
 f - a ring of fire (left hand)
Scrolls
 g - 2 scrolls of identify
Books
 b - a book of Necromancy

   Spells                             Type                      Level
   a - Pain                           Necromancy                   1
   b - Animate Skeleton               Necromancy                   1
   c - Vampiric Draining              Necromancy                   3
   d - Regeneration                   Charms/Necromancy            3
   e - Animate Dead                   Necromancy                   4
   f - Control Undead                 Necromancy                   4


   Skills:
 - Level 1.5 Dodging
 - Level 1.5 Stealth
 + Level 2.6 Spellcasting
 * Level 5.0 Necromancy


You had 5 spell levels left.
You knew the following spells:

 Your Spells              Type           Power        Failure   Level  Hunger
a - Pain                  Necr           ###.         2%          1    N/A
b - Animate Skeleton      Necr           N/A          2%          1    N/A

Dungeon Overview and Level Annotations

Branches:
Dungeon (3/15)

Altars:


Innate Abilities, Weirdness & Mutations

You do not eat or drink.
Your flesh is vulnerable to fire.
You are immune to poison.
Your flesh is cold resistant. (rC+)
You are immune to negative energy. (rN+++)
You are immune to unholy pain and torment.
You can survive without breathing.


Message History

You barely miss the orc priest. Something hits your orc skeleton.
The orc priest hits you with a short sword.
You hit the orc priest.
The orc priest is poisoned.
The orc priest is lightly wounded.
Your orc skeleton hits the orc priest with a whip.
Something hits your orc skeleton.
Your orc skeleton is destroyed!
The orc priest hits you with a short sword.
You closely miss the orc priest.
The orc priest is moderately wounded.
The orc priest hits you with a short sword!
* * * LOW HITPOINT WARNING * * *
An orc wizard comes into view. It is wielding a dagger.
You closely miss the orc priest.
The orc priest is moderately wounded.
The orc priest barely misses you.
The orc priest mumbles some strange prayers to Beogh against you.
Beogh smites you!
Ouch! That really hurt!
You die...

##################
#.o.@.#..........#
#.###.#.########.#
#%# #.#.#..<...#.#
#o# #.#.#.#.##.#.#
.>oo..)o#
#.#.#!#..#.#.#
#########
#.#!#....#.#.#
#.#.######.#.#
#.#........#.#
#.##########.#


You could see an orc priest.

Vanquished Creatures
  An ooze (D:1)
  2 dart slugs (D:1)
  3 leopard geckos
  An orc (D:3)
  2 giant cockroaches
  4 goblins
  7 hobgoblins
  3 kobolds
  A quokka (D:2)
  2 ball pythons
  4 bats
  3 frilled lizards
  5 rats (D:1)
38 creatures vanquished.

Notes
Turn   | Place    | Note
-------+----------+-------------------------------------------
     0 | D:1      | ponk the Mummy Necromancer began the quest for the Orb.
     0 | D:1      | Reached XP level 1. HP: 13/13 MP: 3/3
   103 | D:1      | Learned a level 1 spell: Animate Skeleton
   139 | D:1      | Reached XP level 2. HP: 19/19 MP: 1/5
   785 | D:1      | Reached XP level 3. HP: 22/24 MP: 6/6
  2171 | D:3      | Reached skill level 5 in Necromancy
  2183 | D:3      | Killed from afar by an orc priest

Skill      XL: |  1  2  3 |
---------------+----------+-----
Necromancy     | 5 |  5.0
Dodging        | |  1.5
Stealth        | |  1.5
Spellcasting   | |  2.6

Action                   || total
-------------------------++-------
Melee: Unarmed           ||     3
       Short sword       ||    23
 Cast: Pain              ||    50
       Animate Skeleton  ||     2
  Use: Scroll            ||     3
 Stab: Sleeping          ||     1
Armor: Robe              ||     7
Dodge: Dodged            ||    18
